 Dungeon Crawl Stone Soup version 0.27.0-1-g7a089689b8 (webtiles) character file.

Game seed: 1700853433425229541

12396 benadryl the Grappler (level 11, -1/110 HPs)
             Began as a Troll Hunter on Aug 4, 2021.
             Was a High Priest of Okawaru.
             Slain by a nine-headed hydra (5 damage)
             ... on level 1 of the Lair of Beasts.
             The game lasted 00:18:46 (9737 turns).

benadryl the Grappler (Troll Hunter)                Turns: 9737, Time: 00:18:47

Health: -1/110     AC:  9    Str: 37    XL:     11   Next: 61%
Magic:  0/13       EV:  9    Int:  7    God:    Okawaru [*****.]
Gold:   509        SH: 15    Dex: 10    Spells: 10/10 levels left

rFire    . . .     SeeInvis .     - Unarmed
rCold    . . .     Faith    .   m - +3 kite shield
rNeg     . . .     Spirit   +   G - +1 troll leather armour {Snorg}
rPois    .         Reflect  .   K - +2 hat
rElec    .         Harm     .   (no cloak)
rCorr    .         Rampage  .   (gloves unavailable)
Will     .....                  (boots unavailable)
Stlth    +.........             g - amulet of guardian spirit
HPRegen  2.28/turn              h - +6 ring of strength
MPRegen  0.13/turn              f - +6 ring of strength

@: about to teleport, very slightly contaminated, invisible
A: large, unfitting armour, claws 3, regeneration 1, shaggy fur 1, tough skin 1
a: Renounce Religion, Heroism, Finesse


You were on level 1 of the Lair of Beasts.
You worshipped Okawaru.
Okawaru was extremely pleased with you.
You visited 4 branches of the dungeon, and saw 14 of its levels.
You also visited: Ossuary.

You collected 509 gold pieces.

Inventory:

Hand Weapons
 a - a +2 demon blade of freezing
Missiles
 c - 8 large rocks (quivered)
 d - 4 throwing nets
 r - 5 curare-tipped darts
 v - 28 poisoned darts
Armour
 m - a +3 kite shield (worn)
 A - a +2 robe of resistance
 C - +0 acid dragon scales
 G - a +1 troll leather armour (worn) {Snorg}
 K - a +2 hat (worn)
Jewellery
 b - a ring of fire
 f - a +6 ring of strength (right claw)
 g - an amulet of guardian spirit (around neck)
 h - a +6 ring of strength (left claw)
 L - a ring of protection from cold
Wands
 i - a wand of digging (11)
 k - a wand of charming (6)
 y - a wand of mindburst (8)
 D - a wand of flame (23)
 H - a wand of paralysis (10)
 M - a wand of polymorph (13)
Scrolls
 p - 2 scrolls of immolation
 w - 2 scrolls of teleportation
 x - 4 scrolls of amnesia
 B - a scroll of magic mapping
 I - 3 scrolls of identify {@r1}
 J - a scroll of fear {unknown}
Potions
 e - 2 potions of mutation
 l - 8 potions of curing {@q1}
 n - 2 potions of might
 o - 5 potions of magic
 q - 2 potions of flight {unknown}
 s - 3 potions of degeneration {unknown}
 t - 3 potions of haste {unknown}
 u - 3 potions of brilliance
 z - a potion of cancellation {unknown}
 E - a potion of ambrosia {unknown}
 F - a potion of attraction {unknown}


   Skills:
 + Level 7.6 Fighting
 + Level 4.5 Throwing
 - Level 1.5 Dodging
 - Level 0.3 Stealth
 + Level 7.2 Shields
 * Level 12.3 Unarmed Combat
 + Level 4.8 Invocations


You had 10 spell levels left.
You didn't know any spells.
Your spell library contained the following spells:

 Spells                   Type           Power      Damage    Failure   Level
 Summon Guardian Golem    Hex/Summ       0%         N/A       92%         3
 Animate Dead             Necr           0%         N/A       100%        4
 Borgnjor's Vile Clutch   Necr/Erth      0%         N/A       100%        5
 Iskenderun's Battlesphe  Conj           0%         2d6       100%        5
 Death Channel            Necr           0%         N/A       100%        6
 Iron Shot                Conj/Erth      0%         9d1       100%        6
 Orb of Destruction       Conj           0%         N/A       100%        7
 Spellforged Servitor     Conj/Summ      0%         N/A       100%        7


Dungeon Overview and Level Annotations

Branches:
Dungeon (11/15)            Temple (1/1) D:5            Lair (1/6) D:10
    Orc (1/2) D:10        Ossuary (visited)

Altars:
Cheibriados
Dithmenos
Fedhas
Gozag
Kikubaaqudgha
Makhleb
Nemelex Xobeh
Okawaru
Qazlal
Ru
Sif Muna
Trog
Uskayaw
Vehumet
Wu Jian
Xom
Yredelemnul
Zin
The Shining One

Shops:
D:1 ?   D:10 ([

Annotations:
D:3 2 transporters, ZombieSheep's ghost, amateur FoAK
D:4 2 runed translucent doors, Hubris850's ghost, amateur DjFE
D:5 1 runed translucent door, Crazy Yiuf
D:10 1 runed translucent door


Innate Abilities, Weirdness & Mutations

You are too large for most types of armour.
You have claws for hands.
Your natural rate of healing is unusually fast.
You are covered in fur. (AC +1)
You have tough skin. (AC +1)


Message History

Throw: 9 large rocks
Press: ? - help, Q - select action, (/) - cycle Shift-Dir - straight line, f/p - nine-headed hydra
Aim: a nine-headed hydra (moderately wounded, 79% to hit)
You throw a large rock.
The large rock hits the nine-headed hydra!
The nine-headed hydra is moderately wounded.
The nine-headed hydra barely misses you.
The nine-headed hydra bites you!
You block the nine-headed hydra's attack. x2
The nine-headed hydra bites you.
You block the nine-headed hydra's attack.
The nine-headed hydra bites you but does no damage.
The nine-headed hydra closely misses you.
The nine-headed hydra bites you!
The nine-headed hydra barely misses you.
The nine-headed hydra bites you!
The nine-headed hydra closely misses you.
The nine-headed hydra bites you! x2
* * * LOW HITPOINT WARNING * * *
The nine-headed hydra bites you but does no damage. x2
You block the nine-headed hydra's attack.
The nine-headed hydra completely misses you.
Okay, then.
You fade into invisibility!
You block the nine-headed hydra's attack.
The nine-headed hydra bites you!
* * * LOW HITPOINT WARNING * * *
The nine-headed hydra bites you but does no damage.
The nine-headed hydra bites you!
* * * LOW HITPOINT WARNING * * *
The nine-headed hydra bites you but does no damage. x5
You are very lightly contaminated with residual magic.
As you read the scroll of teleportation, it crumbles to dust.
You feel strangely unstable. The nine-headed hydra bites you!
* * * LOW HITPOINT WARNING * * *
The nine-headed hydra bites you.
* * * LOW HITPOINT WARNING * * *
The nine-headed hydra closely misses you.
The nine-headed hydra bites you.
You die...

###.......#P..♣.♣♣
###...###.........
.#.......##......#.
............(.......
..#.................
. #........(........
#........<........
.........D.........
.........@.....(....
..##.#####.#######..
#.. ### .. ##


You could see a nine-headed hydra.

Vanquished Creatures
  Snorg (D:10)
  Harold (D:8)
  3 two-headed ogres
  Pikel (D:5)
  Maggie (D:8)
  An unseen horror (D:10)
  Prince Ribbit (D:6)
  2 wyverns (D:10)
  Sigmund (D:3)
  Eustachio (D:4)
  12 yaks
  7 vampire mosquitoes
  A steam dragon (D:10)
  Menkaure (D:5)
  3 water moccasins (D:10)
  4 orc warriors
  2 sky beasts (D:6)
  An ice beast (D:8)
  A black bear (D:7)
  2 ogres
  2 necrophages
  4 centaurs
  4 lemures (D:5)
  3 bullfrogs
  2 elf zombies (Ossuary)
  2 scorpions
  A gnoll sergeant (D:8)
  3 wyvern zombies (D:5)
  A water moccasin zombie (D:6)
  9 killer bees (D:9)
  5 wights (D:8)
  2 bullfrog zombies
  5 centaur zombies
  A hound (D:4)
  A jelly (D:6)
  3 human zombies (Ossuary)
  5 orc priests
  2 centaur skeletons
  2 iguanas
  A gnoll shaman (D:9)
  A scorpion zombie (D:3)
  7 orc wizards
  A hell rat (Lair:1)
  A hound zombie (Ossuary)
  4 mummies (Ossuary)
  8 gnolls
  A howler monkey skeleton (D:5)
  7 adders
  A shadow imp (D:3)
  A white imp (D:5)
  5 worms
  A dart slug (D:1)
  39 orcs
  10 ball pythons
  6 endoplasms
  A giant cockroach (D:2)
  6 goblins
  4 hobgoblins
  6 jackals (D:1)
  2 quokkas (D:3)
  3 bats
  3 frilled lizards
  A hobgoblin zombie (Ossuary)
  A jackal zombie (Ossuary)
  4 kobolds
  A kobold zombie (Ossuary)
  An orc zombie (Ossuary)
  A rat (D:3)
  2 rat zombies (Ossuary)
234 creatures vanquished.

Vanquished Creatures (others)
  4 fungi
  14 plants (D:10)
  A toadstool (Lair:1)
19 creatures vanquished.

Grand Total: 253 creatures vanquished

Notes
Turn   | Place    | Note
-------+----------+-------------------------------------------
     0 | D:1      | benadryl the Troll Hunter began the quest for the Orb.
     0 | D:1      | Reached XP level 1. HP: 19/19 MP: 0/0
   169 | D:1      | Reached skill level 1 in Unarmed Combat
   177 | D:1      | Found Ypelol's Magic Scroll Shoppe.
   185 | D:1      | Reached XP level 2. HP: 27/28 MP: 1/1
   294 | D:1      | Reached skill level 2 in Unarmed Combat
   659 | D:2      | Reached XP level 3. HP: 35/35 MP: 0/2
  1242 | D:3      | Noticed Sigmund
  1243 | D:3      | Killed Sigmund
  1244 | D:3      | Reached skill level 1 in Shields
  1244 | D:3      | Reached skill level 4 in Unarmed Combat
  1244 | D:3      | Reached XP level 4. HP: 44/44 MP: 3/3
  1244 | D:3      | Reached XP level 5. HP: 52/52 MP: 4/4
  1569 | D:3      | Found a transporter.
  1814 | D:3      | Reached XP level 6. HP: 61/61 MP: 3/5
  1844 | D:3      | Found a faded altar of an unknown god.
  2277 | D:3      | Noticed ZombieSheep's ghost (amateur FoAK)
  2278 | D:3      | Identified the +9 great mace "Cookie Cutter" {venom, Dex+6
                  | Stlth-}
  2404 | D:3      | Found a transporter.
  2453 | D:4      | Found a large runed translucent door.
  2455 | D:4      | Found a large runed translucent door.
  2458 | D:4      | Noticed Hubris850's ghost (amateur DjFE)
  2476 | D:4      | Noticed Eustachio
  2484 | D:4      | Killed Eustachio
  2485 | D:4      | Reached skill level 5 in Unarmed Combat
  2553 | D:4      | Reached XP level 7. HP: 13/67 MP: 2/6
  2884 | D:5      | Entered Level 5 of the Dungeon
  2952 | D:5      | Found a sand-covered staircase.
  2959 | Ossuary  | Entered an ossuary
  3065 | Ossuary  | Reached skill level 6 in Unarmed Combat
  3252 | D:5      | Noticed Menkaure
  3296 | D:5      | Killed Menkaure
  3353 | D:5      | Reached XP level 8. HP: 78/78 MP: 7/7
  3467 | D:5      | Found a staircase to the Ecumenical Temple.
  3558 | D:5      | Noticed Pikel
  3563 | D:5      | Killed Pikel
  3564 | D:5      | Reached skill level 7 in Unarmed Combat
  3691 | D:5      | Reached skill level 8 in Unarmed Combat
  3718 | Temple   | Entered the Ecumenical Temple
  3756 | Temple   | Became a worshipper of Warmaster Okawaru
  3872 | D:5      | Reached skill level 5 in Fighting
  4046 | D:5      | Found an ornate altar of the Wu Jian Council.
  4456 | D:5      | Found a runed translucent door.
  4457 | D:5      | Noticed Crazy Yiuf
  4747 | D:6      | Reached skill level 1 in Invocations
  4747 | D:6      | Reached XP level 9. HP: 88/88 MP: 8/8
  4912 | D:6      | Found a sacrificial altar of Ru.
  4971 | D:6      | Reached * piety under Okawaru
  5033 | D:6      | Found an opulent altar of Gozag.
  5290 | D:6      | Noticed Prince Ribbit
  5702 | D:6      | Found a glowing silver altar of Zin.
  5912 | D:6      | Killed Prince Ribbit
  5913 | D:6      | Reached skill level 9 in Unarmed Combat
  6080 | D:7      | Reached skill level 5 in Shields
  6198 | D:7      | You fall into a shaft and drop 1 floor!
  6229 | D:8      | Reached ** piety under Okawaru
  6244 | D:8      | Reached XP level 10. HP: 96/98 MP: 7/11
  6406 | D:8      | Found a glowing golden altar of the Shining One.
  6450 | D:8      | Reached skill level 10 in Unarmed Combat
  6562 | D:8      | Found a blossoming altar of Fedhas.
  6570 | D:8      | Noticed Maggie
  6583 | D:8      | Killed Maggie
  6638 | D:8      | Noticed Harold
  6656 | D:8      | Killed Harold
  6656 | D:8      | Reached *** piety under Okawaru
  6708 | D:8      | Found a stormy altar of Qazlal.
  6807 | D:8      | Noticed a two-headed ogre
  6831 | D:8      | Killed a two-headed ogre
  6877 | D:8      | You fall into a shaft and drop 3 floors!
  6885 | D:11     | Noticed a gargoyle
  6888 | D:11     | Noticed a cyclops
  6891 | D:11     | Noticed a two-headed ogre
  6911 | D:10     | Entered Level 10 of the Dungeon
  6918 | D:10     | Reached **** piety under Okawaru
  7081 | D:10     | Reached skill level 11 in Unarmed Combat
  7091 | D:10     | Found a staircase to the Orcish Mines.
  7093 | D:10     | Found Amisich's Armour Shoppe.
  7117 | Orc:1    | Entered Level 1 of the Orcish Mines
  7117 | Orc:1    | Noticed an orc warlord
  7251 | D:10     | Noticed Snorg
  7271 | D:10     | HP: 3/100 [Snorg (9)]
  7274 | D:10     | Killed Snorg
  7542 | D:10     | Reached XP level 11. HP: 96/109 MP: 8/13
  7652 | D:10     | Reached ***** piety under Okawaru
  7673 | D:10     | Received a gift from Okawaru
  7716 | D:10     | Found a staircase to the Lair.
  7849 | D:10     | Found a runed translucent door.
  7850 | D:10     | Found a burning altar of Makhleb.
  7850 | D:10     | Noticed a sixfirhy
  8152 | D:10     | Found Huargh's Antique Weapon Emporium.
  8491 | D:9      | Found a radiant altar of Vehumet.
  8587 | D:9      | Found a sparkling altar of Nemelex Xobeh.
  8656 | D:9      | Identified the +6 quarterstaff of Ikain {venom, rN+}
                  | (Okawaru gifted it to you on level 9 of the Dungeon)
  8656 | D:9      | Received a gift from Okawaru
  8690 | D:9      | Reached skill level 12 in Unarmed Combat
  8798 | D:9      | Noticed a two-headed ogre
  8804 | D:9      | Killed a two-headed ogre
  9332 | D:8      | Noticed a two-headed ogre
  9338 | D:8      | Killed a two-headed ogre
  9414 | D:8      | Found an ancient bone altar of Kikubaaqudgha.
  9423 | D:8      | Found a shimmering altar of Xom.
  9691 | Lair:1   | Entered Level 1 of the Lair of Beasts
  9704 | Lair:1   | Noticed an eight-headed hydra
  9737 | Lair:1   | HP: 4/110 [nine-headed hydra (2)]
  9737 | Lair:1   | Slain by a nine-headed hydra

Illustrated notes

Levels and vault maps discovered:
D:1:      mrwooster_arrival_statue, layout_loops_ring, serial_shops,
          nicolae_diamond_shop
D:2:      layout_loops_ring
D:3:      layout_basic, gammafunk_ghost_smash,
          hellmonk_ecumenical_altar_blasted, uniq_sigmund
D:4:      layout_rooms, ebering_ghost_disaster_area, uniq_eustachio
D:5:      layout_basic, nzn_wu_jian_contemplation,
          minmay_temple_entry_stoned_glass, nicolae_ossuary_entry_monument,
          uniq_crazy_yiuf_cottage, uniq_menkaure, uniq_pikel
D:6:      layout_rooms, zin_treasury, mainiacjoe_overflow_six_doors_small,
          kennysheep_mini, serial_co_window_serial, co_window_corner_a,
          co_window_corner_a, co_window_paths_a, co_window_paths_b,
          co_window_corner_a, co_window_of_opportunity_c, co_window_broadway_c,
          co_window_corner_ca, co_window_corner_cb, co_window_of_opportunity_c,
          co_window_unsneaky_path_b, glass_columns_b, glass_columns_a,
          glass_columns_a, kennysheep_small_spiral, uniq_prince_ribbit1
D:7:      layout_rooms, serial_shops, shop_fountains, kennysheep_mini_moat,
          hangedman_decor_opposing
D:8:      layout_loops_ring, mainiacjoe_overflow_cross_hatched,
          mainiacjoe_overflow_surrounded_room, nicolae_qazlal_eye_of_the_storm,
          mainiacjoe_overflow_swirl, uniq_harold, uniq_maggie
D:9:      layout_basic, vehumet_altar_wand_db,
          mainiacjoe_overflow_concentric_impassable
D:10:     layout_loops_corners, nzn_makhleb_speed_demon,
          minmay_lair_entry_grove, orc_david_3, serial_shops, shop,
          minmay_misc_feat_four_crosses, uniq_snorg
D:11:     layout_basic, minmay_misc_feat_roman, minivault_24
Temple:   cyrus_temple_forest
Lair:1:   gammafunk_lair_enchanted_lake, layout_gridlike, gammafunk_ghost_icy,
          uniq_grum
Orc:1:    layout_caves, serial_shops, shop_statue

Skill      XL: |  1  2  3  4  5  6  7  8  9 10 11 |
---------------+----------------------------------+-----
Unarmed Combat | 1 2 4 5 6 8 9 11 12 | 12.3
Fighting       | 2 3 4 5 6 7 |  7.6
Shields        | 1 2 3 4 5 6 7 |  7.2
Invocations    | 1 3 4 |  4.8
Throwing       | 4 |  4.5
Dodging        | |  1.5
Stealth        | |  0.3

Action                   |  1- 3 |  4- 6 |  7- 9 | 10-12 || total
-------------------------+-------+-------+-------+-------++-------
Melee: Unarmed           |    92 |    79 |   256 |   326 ||   753
       Short sword       |     3 |       |       |       ||     3
       Demon blade       |       |       |    20 |       ||    20
Throw: Large rock        |     1 |     2 |     9 |     8 ||    20
       Dart              |       |       |     3 |    27 ||    30
       Throwing net      |       |       |       |     4 ||     4
Invok: Heroism           |       |       |     1 |     1 ||     2
Evoke: Wand              |       |       |     2 |       ||     2
  Use: Scroll            |       |       |    15 |     4 ||    19
       Potion            |       |       |     1 |     1 ||     2
 Stab: Sleeping          |     1 |     2 |     1 |       ||     4
Armor: Robe              |    31 |    23 |    79 |     4 ||   137
       Acid dragon scale |       |       |       |    16 ||    16
       Troll leather arm |       |       |       |    61 ||    61
Dodge: Dodged            |    29 |    22 |    74 |   103 ||   228
Block: Kite shield       |       |    31 |   142 |   278 ||   451
       Rpst.: Demon blade |       |       |     3 |       ||     3
